 Dungeon Crawl Stone Soup version 0.31-a0-214-gb37851dbb3 (webtiles) character file.

Game seed: 10820939931039213697

10761 ketsa the Thaumaturge (level 11, -6/62 HPs)
             Began as a Deep Elf Conjurer on July 1, 2023.
             Was a Follower of Vehumet.
             Mangled by an orc warrior
             ... wielding a +0 halberd
              (15 damage)
             ... on level 9 of the Dungeon on July 2, 2023.
             The game lasted 01:12:41 (13440 turns).

ketsa the Thaumaturge (Deep Elf Conjurer)          Turns: 13440, Time: 01:12:41

Health: -6/62      AC:  5    Str: 10    XL:     11   Next: 40%
Magic:  16/28      EV: 14    Int: 28    God:    Vehumet [*.....]
Gold:   816        SH:  0    Dex: 13    Spells: 11/32 levels left

rFire   + . .        x - staff "Mopycs" {rPois rF+ Poison}
rCold   . . .        (no shield)
rNeg    + . .        a - +1 robe
rPois   +            (no helmet)
rElec   .            (no cloak)
rCorr   .            f - +0 pair of gloves
SInv    .            t - +0 pair of boots
Will    +....        A - amulet of regeneration
Stlth   +++          u - +6 ring of strength
HPRegen 1.10/turn    F - ring of positive energy
MPRegen 0.21/turn

%: no passive effects
@: no status effects
A: no striking features
a: Renounce Religion


You were on level 9 of the Dungeon.
You worshipped Vehumet.
Vehumet was aware of your devotion.
You visited 2 branches of the dungeon, and saw 11 of its levels.

You collected 994 gold pieces.
You spent 178 gold pieces at shops.

Inventory:

Hand Weapons
 d - a +0 short sword
 s - a +2 dagger of venom
Missiles
 i - 41 poisoned darts
 j - 2 datura-tipped darts
 B - a throwing net
 I - a curare-tipped dart
Armour
 a - a +1 robe (worn)
 f - a +0 pair of gloves (worn)
 g - a +3 leather armour
 o - the +1 chain mail "Entyma Isig" {rElec Int+3 Dex+4}
   (You found it on level 3 of the Dungeon)

   Int:       It affects your intelligence (+3).
   Dex:       It affects your dexterity (+4).
   rElec:     It insulates you from electricity.
 t - a +0 pair of boots (worn)
 J - a +0 troll leather armour
Magical Staves
 x - the staff "Mopycs" (weapon) {rPois rF+ Poison}
   (You took it off a vampire on level 7 of the Dungeon)

   [staff of poison]

   Base accuracy: +5 Base damage: 5 Base attack delay: 1.2 This weapon's minimum
   attack delay (0.6) is reached at skill level 12.
   rF:        It protects you from fire.
   rPois:     It protects you from poison.
   Poison:    It increases the power of your Poison spells.
   It falls into the 'Staves' category.
   It is a one-handed weapon.
Jewellery
 l - an amulet of the acrobat
 n - a ring of ice
 u - a +6 ring of strength (left hand)
 A - an amulet of regeneration (around neck)
 F - a ring of positive energy (right hand)
Wands
 q - a wand of paralysis (12)
 C - a wand of flame (33)
 D - a wand of roots (24)
 G - a wand of quicksilver (7)
Scrolls
 k - 3 scrolls of amnesia
 p - a scroll of enchant weapon
 v - 3 scrolls of torment
 w - a scroll of identify
 H - a scroll of poison
Potions
 b - 2 potions of magic
 c - 2 potions of brilliance
 e - 3 potions of enlightenment
 h - 2 potions of curing
 m - 3 potions of lignification
 r - 3 potions of might
 z - a potion of haste
 E - 2 potions of mutation


   Skills:
 + Level 4.7 Fighting
 - Level 6.5 Dodging
 + Level 5.1 Stealth
 + Level 11.1 Spellcasting
 + Level 10.5 Conjurations
 - Level 7.6 Hexes
 - Level 4.5 Translocations
 - Level 4.4 Transmutations
 - Level 4.4 Earth Magic
 + Level 5.2 Evocations


You had 11 spell levels left.
You knew the following spells:

 Your Spells              Type           Power      Damage    Failure   Level
a - Magic Dart            Conj           100%       1d8       1%          1
b - Searing Ray           Conj           100%       2d8       1%          2
c - Dazzling Flash        Conj/Hex       100%       N/A       1%          3
d - Tukima's Dance        Hex            55%        N/A       1%          3
e - Fulminant Prism       Conj/Hex       30%        3d15      1%          4
f - Apportation           Tloc           82%        N/A       1%          1
g - Passwall              Tmut/Erth      33%        N/A       1%          2
h - Iskenderun's Mystic   Conj/Tloc      55%        2d12      1%          4
i - Summon Small Mammal   Summ           60%        N/A       3%          1

Your spell library contained the following spells:

 Spells                   Type           Power      Damage    Failure   Level
 Sandblast                Erth           80%        2d17      1%          1
 Slow                     Hex            100%       N/A       1%          1
 Ensorcelled Hibernation  Hex/Ice        72%        N/A       1%          2
 Confusing Touch          Hex            55%        N/A       1%          3
 Portal Projectile        Hex/Tloc       98%        N/A       1%          3
 Necrotise                Necr           60%        1d7       3%          1
 Spider Form              Tmut/Pois      41%        N/A       4%          3
 Irradiate                Conj/Tmut      27%        3d20      4%          5
 Anguish                  Hex/Necr       18%        N/A       8%          4
 Swiftness                Air            15%        N/A       11%         3
 Vampiric Draining        Necr           15%        2d7       11%         3
 Blade Hands              Tmut           20%        N/A       16%         5
 Simulacrum               Ice/Necr       7%         N/A       99%         6
 Dragon Form              Tmut           20%        N/A       99%         7
 Ozocubu's Refrigeration  Ice            7%         4d9       100%        7
 Polar Vortex             Ice            7%         N/A       100%        9


Dungeon Overview and Level Annotations

Branches:
Dungeon (10/15)            Temple (1/1) D:4
   Lair: D:8-11         Orc: D:9-12

Altars:
Ashenzari
Cheibriados
Elyvilon
Fedhas
Hepliaklqana
Kikubaaqudgha
Makhleb
Nemelex Xobeh
Qazlal
Sif Muna
Trog
Vehumet
Wu Jian
Xom
Yredelemnul
Zin
The Shining One

Shops:
D:3 !   D:5 ?   D:8 *   D:9 (

Annotations:
D:2 Sigmund
D:4 exclusion: downstairs
D:5 Menkaure
D:6 2 transporters, 2 runed translucent doors, t4s4d4r's ghost, novice DgHu
D:7 1 exclusion
D:9 Pikel


Message History

The searing ray hits the orc.
The orc is heavily wounded.
The searing ray hits the orc wizard.
The orc wizard is lightly wounded. (Press . to maintain the ray.)
The orc warrior hits you from afar with a +0 halberd!
The orc hits your fulminant prism with a +0 club.
Your fulminant prism crackles loudly.
Really fire in your fulminant prism's direction? [Y]es or [N]o only, please.
Really fire in your fulminant prism's direction? [Y]es or [N]o only, please.
Really fire in your fulminant prism's direction?
Okay, then.
You stop channelling your searing ray.
The orc warrior barely misses you.
The orc hits your fulminant prism with a +0 club.
The orc wizard hits your fulminant prism with a +0 dagger.
Your fulminant prism explodes!
The blast of energy engulfs the orc!!
You kill the orc!
Vehumet accepts your kill.
The blast of energy engulfs the orc warrior.
The orc warrior is lightly wounded.
The blast of energy engulfs the orc wizard!!!
You kill the orc wizard!
Vehumet accepts your kill.
The blast of energy engulfs the orc!!
You kill the orc!
Vehumet accepts your kill. The blast of energy engulfs you!!
You hear a howl!
The orc warrior hits you with a +0 halberd!
* * * LOW HITPOINT WARNING * * *
Casting: Searing Ray (safe; 1% risk of failure)
Confirm with . or Enter, or press ? or * to list all spells.
You erupt in a blast of force!
The mystic blast hits the orc warrior but does no damage.
The orc warrior is lightly wounded.
The orc warrior hits you with a +0 halberd!
You die...

... ##o#########
#.o........#
#..........#
#...#..#...#
#...#).#...#
#...#))#...# ######
.....#o.#...#
#....#..##+##@.#...#
#....#.. #...#####
#....#. #...#...#
####....########'##...#
..>........#..#...#...#
...........'..'...'...#
...........#..#...#...#
#######################


You could see an orc warrior.

Vanquished Creatures
  A death knight (D:8)
  A two-headed ogre (D:7)
  A tengu warrior (D:9)
  2 ugly things
  A manticore (D:7)
  An unseen horror (D:7)
  A meliai (D:8)
  2 trolls (D:7)
  A hornet (D:7)
  Prince Ribbit (D:5)
  A slime creature (D:7)
  A vampire (D:7)
  A shadow (D:7)
  A wyvern (D:7)
  6 yaks
  A basilisk (D:6)
  2 steam dragons
  2 water moccasins
  3 black bears
  3 sky beasts
  2 orc warriors
  2 ice beasts (D:5)
  7 centaurs
  2 ogres
  A lemure (D:8)
  4 phantoms
  4 kobold brigands
  2 gnoll sergeants
  9 bullfrogs
  A wight (D:7)
  A killer bee (D:7)
  6 howler monkeys
  6 hounds
  2 jellies
  7 orc priests
  2 sleepcaps (D:7)
  4 iguanas
  10 orc wizards
  Ijyb (D:5)
  A mummy (D:5)
  Robin (D:3)
  13 gnolls
  6 adders
  A shadow imp (D:7)
  3 white imps
  An ufetubus (D:4)
  3 worms
  3 dart slugs
  31 orcs
  3 bats
  2 endoplasms
  14 goblins
  10 hobgoblins
  3 jackals (D:1)
  16 kobolds
  A quokka (D:2)
  5 ball pythons
  2 frilled lizards (D:3)
  6 rats
231 creatures vanquished.

Vanquished Creatures (collateral kills)
  A wight (D:7)
1 creature vanquished.

Vanquished Creatures (others)
  77 fulminant prisms
77 creatures vanquished.

Grand Total: 309 creatures vanquished

Notes
Turn   | Place    | Note
-------+----------+-------------------------------------------
     0 | D:1      | ketsa the Deep Elf Conjurer began the quest for the Orb.
     0 | D:1      | Reached XP level 1. HP: 10/10 MP: 6/6
   479 | D:1      | Reached XP level 2. HP: 15/15 MP: 4/8
   529 | D:1      | Learned a level 2 spell: Searing Ray
  1106 | D:2      | Noticed Sigmund
  1273 | D:2      | Reached skill level 5 in Conjurations
  1273 | D:2      | Reached XP level 3. HP: 19/19 MP: 1/10
  1637 | D:2      | Reached XP level 4. HP: 24/24 MP: 2/11
  2125 | D:3      | Noticed Robin
  2131 | D:3      | Reached skill level 4 in Spellcasting
  2364 | D:3      | Identified the +1 chain mail "Entyma Isig" {rElec Int+3
                  | Dex+4}
  2392 | D:3      | Found a faded altar of an unknown god.
  2527 | D:3      | Killed Robin
  2824 | D:3      | Found Zoicliaf's Distillery.
  2827 | D:3      | Bought a potion of curing for 33 gold pieces
  2827 | D:3      | Bought a potion of heal wounds for 55 gold pieces
  2835 | D:3      | Reached XP level 5. HP: 9/28 MP: 9/13
  2969 | D:4      | Found a staircase to the Ecumenical Temple.
  2977 | Temple   | Entered the Ecumenical Temple
  3204 | D:4      | Learned a level 3 spell: Dazzling Flash
  3418 | D:4      | Reached skill level 1 in Hexes
  3459 | D:4      | Noticed a black bear
  3624 | D:5      | Entered Level 5 of the Dungeon
  3624 | D:5      | Noticed Prince Ribbit
  3624 | D:5      | Noticed a centaur
  3921 | D:5      | Reached skill level 5 in Spellcasting
  3921 | D:5      | Reached XP level 6. HP: 32/32 MP: 10/15
  3958 | D:5      | Learned a level 3 spell: Tukima's Dance
  3963 | D:5      | Learned a level 4 spell: Fulminant Prism
  4590 | D:4      | Found a snail-covered altar of Cheibriados.
  4820 | D:5      | Found Lijuum's Magic Scroll Emporium.
  4837 | D:5      | Reached XP level 7. HP: 36/36 MP: 4/17
  4902 | D:5      | Reached skill level 5 in Dodging
  4951 | D:5      | Bought a scroll of blinking for 90 gold pieces
  5104 | D:5      | Noticed Menkaure
  5212 | D:5      | Reached skill level 6 in Spellcasting
  5506 | D:6      | Found a hazy altar of Hepliaklqana.
  5714 | D:6      | Found a transporter.
  5714 | D:6      | Noticed a steam dragon
  5721 | D:6      | Reached skill level 7 in Spellcasting
  5721 | D:6      | Reached skill level 5 in Hexes
  5721 | D:6      | Reached XP level 8. HP: 33/41 MP: 9/20
  5811 | D:5      | Killed Prince Ribbit
  6032 | D:5      | Noticed Ijyb
  6037 | D:5      | Killed Ijyb
  6149 | D:5      | Reached skill level 8 in Spellcasting
  6629 | D:6      | Learned a level 1 spell: Apportation
  6632 | D:6      | Learned a level 2 spell: Passwall
  6867 | D:6      | Found a large runed translucent door.
  6867 | D:6      | Found a large runed translucent door.
  6917 | D:6      | Found a transporter.
  6948 | D:6      | Noticed t4s4d4r's ghost (novice DgHu)
  6992 | D:6      | Reached skill level 1 in Fighting
  6992 | D:6      | Reached skill level 1 in Translocations
  6992 | D:6      | Reached skill level 1 in Transmutations
  6992 | D:6      | Reached skill level 1 in Earth Magic
  7266 | D:7      | Found a radiant altar of Vehumet.
  7404 | D:7      | Reached XP level 9. HP: 44/47 MP: 17/23
  7842 | D:7      | You fall into a shaft and drop 2 floors!
  8009 | D:8      | Noticed a meliai
  8009 | D:8      | Killed a meliai
  8062 | D:8      | Noticed a cyan ugly thing
  8062 | D:8      | Noticed a green ugly thing
  8226 | D:8      | Killed a green ugly thing
  8227 | D:8      | Reached skill level 9 in Spellcasting
  8253 | D:9      | Killed a cyan ugly thing
  8254 | D:9      | Reached XP level 10. HP: 37/54 MP: 3/25
  8370 | D:8      | Upgraded the game from 0.31-a0-210-gccc998df9b to
                  | 0.31-a0-214-gb37851dbb3
  8375 | D:8      | Learned a level 4 spell: Iskenderun's Mystic Blast
  8404 | D:8      | Noticed a death knight
  8411 | D:8      | Noticed a skeletal warrior
  8416 | D:8      | Killed a death knight
  8417 | D:8      | Reached skill level 1 in Evocations
  8432 | D:9      | Noticed Pikel
  8841 | D:8      | Noticed a tengu warrior
  9127 | D:9      | Killed a tengu warrior
  9254 | D:10     | Entered Level 10 of the Dungeon
  9262 | D:9      | Found Ofait's Antique Weapon Boutique.
  9401 | D:8      | Found Zin's Purification Station.
  9405 | D:8      | Found a glowing silver altar of Zin.
  9630 | D:7      | Reached skill level 10 in Spellcasting
  9963 | D:7      | Became a worshipper of Vehumet
 10199 | D:7      | Noticed a dire elephant
 10227 | D:7      | a dire elephant changed into a fire giant
 10227 | D:7      | Noticed a fire giant (shapeshifter)
 10289 | D:7      | Noticed a manticore
 10325 | D:7      | Killed a manticore
 10326 | D:7      | Noticed a stone giant
 10347 | D:7      | a stone giant changed into a dire elephant
 10347 | D:7      | Noticed a dire elephant (shapeshifter)
 10497 | D:7      | Reached skill level 10 in Conjurations
 10769 | D:7      | Reached XP level 11. HP: 58/61 MP: 19/27
 11048 | D:7      | Noticed a two-headed ogre
 11209 | D:7      | Identified the staff "Mopycs" {rPois rF+ Poison}
 11224 | D:7      | Reached * piety under Vehumet
 11224 | D:7      | Offered knowledge of Sandblast by Vehumet.
 11427 | D:7      | Noticed a fire giant
 11436 | D:7      | a fire giant changed into a sphinx
 11436 | D:7      | Noticed a sphinx (shapeshifter)
 11659 | D:7      | Learned a level 1 spell: Summon Small Mammal
 11679 | D:7      | Noticed a shadow dragon
 11772 | D:7      | Killed a two-headed ogre
 12033 | D:7      | Noticed a sphinx
 12054 | D:7      | a sphinx changed into a shadow dragon
 12054 | D:7      | Noticed a shadow dragon (shapeshifter)
 12266 | D:8      | Reached skill level 5 in Evocations
 12385 | D:8      | Reached skill level 11 in Spellcasting
 12398 | D:8      | Reached skill level 5 in Stealth
 13440 | D:9      | Mangled by an orc warrior

Illustrated notes

Levels and vault maps discovered:
D:1:      dpeg_arrival_tiny_h, layout_basic, minivault_19
D:2:      layout_basic, uniq_sigmund
D:3:      layout_basic, serial_shops, nicolae_shop_behind_doors,
          hellmonk_ecumenical_altar_arch_garden, uniq_robin
D:4:      cheibrodos_old_hovel, layout_cave_pools, marbit_many_paths,
          minmay_temple_entry_drinking_statues, kennysheep_small_circle
D:5:      layout_cave_pods, serial_shops, shop, gup_ossuary_entry_pyramid,
          minmay_misc_feat_encased, uniq_ijyb, uniq_prince_ribbit1,
          uniq_menkaure
D:6:      layout_cave_pools, mainiacjoe_overflow_concentric_impassable,
          jmf_multi_god_temple2, gammafunk_ghost_arena
D:7:      nzn_winding_woodlands_large [nzn_winding_woodlands_5x5_perimeter,
          nzn_winding_woodlands_5x15_crooked, nzn_winding_woodlands_5x5_default,
          nzn_winding_woodlands_center_triple_pond,
          nzn_winding_woodlands_15x15_five_gardens,
          nzn_winding_woodlands_center_pierced_h,
          nzn_winding_woodlands_5x5_three,
          nzn_winding_woodlands_5x15_pathside_ponds,
          nzn_winding_woodlands_5x5_open_star], layout_loops_ring,
          vehumet_crystals, enter_bailey_8
D:8:      minmay_klotski, layout_basic, zin_purify
D:9:      layout_grid_maze, serial_shops, nicolae_shop_window_shopping,
          feat_on_display, uniq_pikel
D:10:     layout_basic, nicolae_dithmenos_through_a_glass_darkly,
          mainiacjoe_overflow_big_doors, grunt_lair_entry_orc_guard_hut,
          orc_0_dummy
Temple:   cyrus_circular_temple

Skill      XL: |  1  2  3  4  5  6  7  8  9 10 11 |
---------------+----------------------------------+-----
Dodging        | 3 4 5 6 |  6.5
Conjurations   | 5 6 7 8 9 10 | 10.5
Spellcasting   | 4 5 7 8 9 10 11 | 11.1
Hexes          | 1 3 5 6 7 |  7.6
Fighting       | 1 2 4 |  4.7
Translocations | 2 4 |  4.5
Transmutations | 1 4 |  4.4
Earth Magic    | 1 4 |  4.4
Evocations     | 4 5 |  5.2
Stealth        | 3 5 |  5.1

Action                     |  1- 3 |  4- 6 |  7- 9 | 10-12 || total
---------------------------+-------+-------+-------+-------++-------
  Melee: Short sword       |     4 |     3 |       |       ||     7
         Dagger            |       |       |    33 |     5 ||    38
   Cast: Magic Dart        |    58 |    98 |    77 |    45 ||   278
         Searing Ray       |     2 |    18 |    39 |    43 ||   102
         Fulminant Prism   |       |     1 |    20 |    56 ||    77
         Dazzling Flash    |       |       |     2 |       ||     2
         Iskenderun's Myst |       |       |       |    15 ||    15
         Tukima's Dance    |       |       |       |     3 ||     3
         Passwall          |       |       |       |     2 ||     2
         Summon Small Mamm |       |       |       |     1 ||     1
    Use: Scroll            |       |    13 |     2 |    11 ||    26
         Potion            |       |     1 |       |     4 ||     5
 Armour: Robe              |     4 |    15 |    20 |    22 ||    61
  Dodge: Dodged            |    12 |    35 |    66 |    77 ||   190

Table legend: (Time is in decaauts)
 A = Elapsed time spent in this place.
 B = Non-inter-level travel time spent in this place.
 C = Inter-level travel time spent in this place.
 D = Time resting spent in this place.
 E = Time spent auto-exploring this place.
 F = Levels seen in this place.
 G = Mean time per level.
                   A        B        C        D        E       F      G
               +--------+--------+--------+--------+--------+-----+--------+
         Total |  13458 |  12804 |    654 |   4613 |   4777 |  11 | 1223.5 |
       Dungeon |  13333 |  12679 |    654 |   4613 |   4720 |  10 | 1333.3 |
        Temple |    124 |    124 |      0 |      0 |     57 |   1 |  124.0 |
               +--------+--------+--------+--------+--------+-----+--------+

Top non-repeatable levels by time:
     D:7: 2685 daAuts
     D:5: 1831 daAuts
     D:8: 1691 daAuts
     D:1: 1508 daAuts
     D:6: 1456 daAuts
     D:3: 1207 daAuts
     D:9: 1125 daAuts
     D:4: 1029 daAuts
     D:2: 798 daAuts
  Temple: 124 daAuts
    D:10: 1 daAuts
